 Dungeon Crawl Stone Soup version 0.30-a0-364-gf6b3ef1049 (webtiles) character file.

Game seed: 4064751128448773504

2821 KennySheep the Covert (level 9, -2/52 HPs)
             Began as a Vampire Necromancer on Nov 15, 2022.
             Was a Follower of Yredelemnul.
             Slain by Duvessa
             ... wielding a +0 short sword
              (15 damage)
             ... on level 7 of the Dungeon.
             The game lasted 00:31:03 (6889 turns).

KennySheep the Covert (Vampire Necromancer)         Turns: 6889, Time: 00:31:04

Health: -2/52      AC:  3    Str:  7    XL:     9   Next: 45%
Magic:  13/16      EV: 14    Int: 17    God:    Yredelemnul [*.....]
Gold:   521        SH:  0    Dex: 19    Spells: 13/17 levels left

rFire   . . .      SeeInvis +    a - +0 long sword (pain)
rCold   + + .      Faith    .    (no shield)
rNeg    + + +      Spirit   .    k - +0 leather armour
rPois   ∞          Reflect  .    (no helmet)
rElec   .          Harm     .    (no cloak)
rCorr   .          Rampage  .    (no gloves)
Will    .....                    (no boots)
Stlth   ++++++....               f - amulet of the acrobat
HPRegen 0.00/turn                j - +4 ring of slaying
MPRegen 0.15/turn                (no ring)

@: bloodless, inhibited regen
A: bloodless, fangs 3, see invisible, vampiric 2
a: Bat Form, Revivify, Renounce Religion, Recall Undead Harvest


You were on level 7 of the Dungeon.
You worshipped Yredelemnul.
Yredelemnul was noncommittal.
You visited 1 branch of the dungeon, and saw 7 of its levels.
You also visited: Sewer and Ossuary.

You collected 521 gold pieces.

Inventory:

Hand Weapons
 a - a +0 long sword of pain (weapon)
 c - a +0 dagger of electrocution
Missiles
 y - a throwing net
Armour
 k - a +0 leather armour (worn)
 v - a +0 robe
Jewellery
 f - an amulet of the acrobat (around neck)
 j - a +4 ring of slaying (left hand)
Wands
 r - a wand of charming (8)
 u - a wand of light (1)
Scrolls
 h - 2 scrolls of magic mapping
 l - 2 scrolls of teleportation
 t - 2 scrolls of identify
 w - 2 scrolls of blinking
 x - 2 scrolls of enchant armour {unknown}
Potions
 b - 2 potions of magic
 d - a potion of degeneration {unknown}
 e - a potion of haste
 g - 2 potions of berserk rage
 i - a potion of attraction {unknown}
 m - a potion of brilliance
 n - 3 potions of resistance
 o - a potion of cancellation
 p - a potion of heal wounds
 q - a potion of flight {unknown}
 s - a potion of invisibility {unknown}
 z - 3 potions of curing


   Skills:
 + Level 4.1 Fighting
 - Level 2.9(3.8) Short Blades
 + Level 3.3(3.8) Long Blades
 + Level 5.6 Dodging
 - Level 9.2 Stealth
 + Level 4.7 Spellcasting
 * Level 8.8 Necromancy


You had 13 spell levels left.
You knew the following spells:

 Your Spells              Type           Power      Damage    Failure   Level
b - Necrotise             Necr           100%       1d9       1%          1
c - Vampiric Draining     Necr           34%        2d8       1%          3

Your spell library contained the following spells:

 Spells                   Type           Power      Damage    Failure   Level
 Agony                    Necr           34%        N/A       16%         5
 Beastly Appendage        Tmut           8%         N/A       22%         1
 Magic Dart               Conj           16%        1d3       22%         1
 Scorch                   Fire           8%         2d5       32%         2
 Searing Ray              Conj           8%         2d4       32%         2
 Wereblood                Tmut           4%         N/A       32%         2
 Spider Form              Tmut/Pois      4%         N/A       54%         3
 Flame Wave               Conj/Fire      4%         2d5       91%         4
 Fulminant Prism          Conj/Hex       2%         3d5       91%         4
 Summon Forest            Summ/Tloc      2%         N/A       99%         5
 Eringya's Noxious Bog    Tmut/Pois      2%         N/A       100%        6
 Summon Cactus Giant      Summ           2%         N/A       100%        6
 Summon Hydra             Summ           2%         N/A       100%        7
 Animate Dead             Necr           Unusable   N/A       N/A         4

Dungeon Overview and Level Annotations

Branches:
Dungeon (7/15)              Sewer (visited)         Ossuary (visited)
 Temple: D:4-7

Altars:
Gozag
Hepliaklqana
Nemelex Xobeh
Sif Muna
Uskayaw
Yredelemnul

Shops:
D:3 :

Annotations:
D:5 Eustachio; indyram44's ghost, novice DsGl
D:7 Duvessa


Innate Abilities, Weirdness & Mutations

You do not regenerate when monsters are visible.
You are frail without blood (-20% HP).
You can heal yourself when you bite living creatures.
You are immune to poison.
You have razor-sharp teeth.
You have supernaturally acute eyesight. (SInv)
You are afflicted with vampirism and can become a bat while bloodless.


Message History

Duvessa hits your gnoll zombie with a +0 short sword!
What are your orders? t - Shout!
Orders for allies: a - Attack new target. r - Retreat! s - Stop attacking. g - Guard the area. f - Follow me.
Anything else - Cancel.
Gang up on whom?
Press: ? - help, Dir - move target, f - Duvessa
Aim: Duvessa, wielding a +0 short sword and wearing a +0 ring mail (moderately wounded, berserk, ally target) Attack!
Your gnoll zombie hits Duvessa.
Duvessa hits your gnoll zombie with a +0 short sword!
Your gnoll zombie is destroyed!
Aiming: Bolt of Light
Press: ? - help, Shift-Dir - straight line, f/p - Duvessa
Aim: Duvessa, wielding a +0 short sword and wearing a +0 ring mail (moderately wounded, berserk, ally target, 79% to hit)
The bolt of light hits Duvessa!
Duvessa is heavily wounded.
Duvessa is blinded.
Duvessa completely misses something.
Duvessa hits something with a +0 short sword.
Okay, then.
Duvessa hits something with a +0 short sword!
Duvessa closely misses you. Duvessa misses you.
You catch the helpless Duvessa completely off-guard!
You hit Duvessa but do no damage. You bite Duvessa, but do no damage.
Duvessa is heavily wounded.
Duvessa hits you with a +0 short sword!
Your kobold zombie hits Duvessa but does no damage.
Casting: Vampiric Draining (safe; 1% risk of failure)
Confirm with . or Enter, or press ? or * to list all spells.
Aiming: Vampiric Draining (safe; 1% risk of failure)
Press: ? - help, Shift-Dir - straight line, f/p - Duvessa
Aim: Duvessa, wielding a +0 short sword and wearing a +0 ring mail (heavily wounded, berserk, blind, ally target)
You draw life force from Duvessa!
You feel life coursing into your body. Duvessa hits you with a +0 short sword!
* * * LOW HITPOINT WARNING * * *
Your kobold zombie hits Duvessa but does no damage.
Duvessa hits you with a +0 short sword!
You die...
Yredelemnul claims you as an undead slave.

####.#.#.#.# #.##
####...#'#+###.##
...##..........Z########
................Z.ZZZ..##
.............#########..##
..?##.......##.......##ZZ##
...###.....##..#..Z#..##Z.##
...# ##..###..#.#e#[#..##..##
#### #..>##..#.Z@#...#..##Z.##
#≈# #..###..#.#Z#.#Z#.#..##ZZ#
#≈###..##..#...#.#.#...#..##Z#
≈≈≈≈#.##..#.#.#.#.#.#Z#.#..#Z#
#≈######.#...#...#...#...#.#Z#
#≈# #.'..#.#.#.#.#.#.#.#..#Z#
### #.'...#.#.#.#.#.#.#...#.#
..# #.'..#.#.#.#.#.#.#.#..#Z#
### #.#.#...#...#...#...# #.#


You could see Duvessa (berserk, blind, ally target), 2 friendly gnoll zombies
and a friendly kobold zombie.

Vanquished Creatures
  3 yaks (D:6)
  2 black bears
  Pargi (Sewer)
  2 ice beasts (D:6)
  A sky beast (D:7)
  A centaur (D:6)
  An ogre (D:4)
  A phantom (D:6)
  2 elf zombies (D:4)
  A kobold brigand (D:7)
  A scorpion (D:6)
  Dowan (D:7)
  3 orc priests
  A gnoll bouda (D:7)
  2 hounds
  A jelly (D:5)
  3 iguanas
  6 orc wizards
  8 mummies (Ossuary)
  10 gnolls
  5 adders
  A shadow imp (D:7)
  5 worms
  A dart slug (D:3)
  23 orcs
  7 bats
  5 endoplasms
  A gnoll zombie (Ossuary)
  5 goblins
  6 hobgoblins
  3 jackals (Sewer)
  15 kobolds
  2 quokkas
  7 ball pythons
  6 frilled lizards
  A hobgoblin zombie (Ossuary)
  4 kobold zombies (Ossuary)
  3 orc skeletons (D:4)
  3 orc zombies
  8 rats
  A spectral goblin (D:1)
163 creatures vanquished.

Vanquished Creatures (collateral kills)
  A yak (D:6)
  An ogre (D:3)
  A bullfrog (D:6)
  A necrophage (D:7)
  A gnoll bouda (D:7)
  An orc wizard (D:4)
  3 gnolls (D:7)
  An adder (D:3)
  A dart slug (D:1)
  A bat (D:1)
  An endoplasm (D:1)
  2 kobolds
  A quokka (D:1)
  A rat (D:1)
17 creatures vanquished.

Vanquished Creatures (others)
  A centaur zombie (D:6)
  A scorpion zombie (D:6)
  2 ice beast zombies (D:6)
  2 adder zombies
  An elf zombie (D:7)
  2 bat zombies
  A ball python zombie (D:3)
  3 gnoll zombies
  2 jackal zombies (Sewer)
  A kobold zombie (D:1)
  4 orc zombies
  A rat zombie (D:3)
  3 plants (D:1)
24 creatures vanquished.

Grand Total: 204 creatures vanquished

Notes
Turn   | Place    | Note
-------+----------+-------------------------------------------
     0 | D:1      | KennySheep the Vampire Necromancer began the quest for the
                  | Orb.
     0 | D:1      | Reached XP level 1. HP: 13/13 MP: 3/3
    95 | D:1      | Found a faded altar of an unknown god.
   112 | D:1      | Prayed at the altar of an unknown god.
   112 | D:1      | Became a worshipper of Yredelemnul the Dark
   112 | D:1      | Reached * piety under Yredelemnul
   196 | D:1      | Reached XP level 2. HP: 19/19 MP: 5/5
   201 | D:1      | Reached ** piety under Yredelemnul
   742 | D:1      | Gained mutation: You are afflicted with vampirism and can
                  | become a bat while bloodless. [Vampire growth]
   742 | D:1      | Reached XP level 3. HP: 25/25 MP: 4/6
   746 | D:1      | Learned a level 3 spell: Vampiric Draining
   858 | D:1      | Reached *** piety under Yredelemnul
  1848 | D:3      | Reached skill level 1 in Fighting
  1848 | D:3      | Reached skill level 5 in Necromancy
  1848 | D:3      | Reached XP level 4. HP: 20/32 MP: 1/7
  1920 | D:3      | Reached skill level 4 in Stealth
  1976 | D:3      | Found a shimmering blue altar of Sif Muna.
  2088 | D:3      | Noticed an ogre
  2096 | D:3      | Killed an ogre
  2097 | D:3      | Reached skill level 1 in Long Blades
  2097 | D:3      | Reached XP level 5. HP: 37/37 MP: 3/8
  2312 | D:3      | Found Siag's Book Shoppe.
  2330 | D:3      | Found a sparkling altar of Nemelex Xobeh.
  2957 | D:4      | Reached XP level 6. HP: 14/35 MP: 10/10
  3036 | D:4      | Found a sand-covered staircase.
  3051 | D:4      | Reached skill level 5 in Stealth
  3053 | Ossuary  | Entered an ossuary
  3446 | D:4      | Found a hazy altar of Hepliaklqana.
  3446 | D:4      | Found a hide-covered altar of Uskayaw.
  3508 | D:4      | Reached XP level 7. HP: 40/40 MP: 11/11
  3806 | D:4      | Reached skill level 6 in Stealth
  3809 | D:4      | Reached skill level 1 in Short Blades
  4175 | D:4      | Found an opulent altar of Gozag.
  4291 | D:4      | Reached **** piety under Yredelemnul
  4331 | D:5      | Entered Level 5 of the Dungeon
  4352 | D:5      | Noticed Eustachio
  4377 | D:5      | Found a large runed translucent door.
  4377 | D:5      | Found a large runed translucent door.
  4388 | D:5      | Noticed indyram44's ghost (novice DsGl)
  4435 | D:5      | Found a glowing drain.
  4448 | Sewer    | Entered a sewer
  4497 | Sewer    | Noticed Pargi
  4513 | Sewer    | Killed Pargi
  4706 | D:5      | Reached skill level 7 in Stealth
  4729 | D:5      | Reached XP level 8. HP: 42/45 MP: 9/13
  5069 | D:6      | Reached skill level 8 in Stealth
  5744 | D:6      | Reached skill level 5 in Dodging
  5744 | D:6      | Reached skill level 9 in Stealth
  5744 | D:6      | Reached XP level 9. HP: 32/51 MP: 2/15
  6849 | D:7      | Noticed Duvessa
  6850 | D:7      | Noticed Dowan
  6859 | D:7      | Killed Dowan
  6882 | D:7      | Your ally Dowan died
  6889 | D:7      | Slain by Duvessa

Illustrated notes

Levels and vault maps discovered:
D:1:      tarquinn_simple_flora_water_c, layout_basic,
          dreamdust_ecumenical_altar_drowned_temple
D:2:      layout_loops_ring
D:3:      layout_basic, mainiacjoe_overflow_small_starburst,
          mainiacjoe_overflow_brackets, serial_shops, shop, hex_large,
          kennysheep_generic_room_13
D:4:      layout_gridville, mainiacjoe_overflow_surrounded_room,
          mainiacjoe_overflow_large_starburst, nicolae_ossuary_entry_catacombs
D:5:      layout_cave_pools, grunt_dithmenos_shadows,
          nicolae_ru_the_path_less_chosen, ebering_ghost_disaster_area,
          cheibrodos_sewer_entry_bend, nicolae_shop_sticking_my_neck_out,
          uniq_eustachio
D:6:      layout_rooms
D:7:      layout_basic, old_standard_altar, minmay_temple_entry_poolview,
          serial_aquarium, aquarium_bridge_straight [aquarium_subvault_bridge,
          aquarium_subvault_wall, aquarium_subvault_bridge,
          aquarium_subvault_window], aquarium_bridge_square
          [aquarium_subvault_bridge, aquarium_subvault_bridge,
          aquarium_subvault_bridge, aquarium_subvault_window],
          aquarium_window_corner, aquarium_window_2, aquarium_view_2e,
          aquarium_view_4, aquarium_balcony_3b, aquarium_pool_1,
          kennysheep_cluttered_room, minmay_misc_feat_room, uniq_duvessa

Skill      XL: |  1  2  3  4  5  6  7  8  9 |
---------------+----------------------------+-----
Fighting       | 1 2 3 4 |  4.1
Necromancy     | 5 6 7 8 |  8.8
Stealth        | 4 5 7 9 |  9.2
Long Blades    | 1 2 3 |  3.3
Dodging        | 3 4 5 |  5.6
Spellcasting   | 3 4 |  4.7
Short Blades   | 1 2 |  2.9

Action                   |  1- 3 |  4- 6 |  7- 9 || total
-------------------------+-------+-------+-------++-------
Melee: Unarmed           |    11 |     1 |       ||    12
       Dagger            |    25 |   131 |   143 ||   299
       Bite              |     4 |    12 |    26 ||    42
       Punch             |       |     2 |     5 ||     7
       Long sword        |       |       |    54 ||    54
 Cast: Necrotise         |    54 |    29 |       ||    83
       Vampiric Draining |       |       |    39 ||    39
 Abil: End Transformatio |       |     1 |       ||     1
       Bat Form          |       |     1 |       ||     1
       Exsanguinate      |       |     1 |       ||     1
Evoke: Wand              |       |       |     9 ||     9
  Use: Scroll            |     1 |    10 |     4 ||    15
       Potion            |       |     5 |     3 ||     8
 Stab: Distracted        |     1 |       |     4 ||     5
       Sleeping          |     4 |    10 |     9 ||    23
       Invisible         |       |       |     1 ||     1
Armor: Robe              |    15 |       |       ||    15
       Leather armour    |     1 |    13 |    33 ||    47
Dodge: Dodged            |    44 |    90 |   164 ||   298

Table legend: (Time is in decaauts)
 A = Elapsed time spent in this place.
 B = Non-inter-level travel time spent in this place.
 C = Inter-level travel time spent in this place.
 D = Time resting spent in this place.
 E = Time spent auto-exploring this place.
 F = Levels seen in this place.
 G = Mean time per level.
                   A        B        C        D        E       F      G
               +--------+--------+--------+--------+--------+-----+--------+
         Total |   6850 |   6687 |    163 |   1182 |   3524 |   9 |  761.1 |
       Dungeon |   6327 |   6164 |    163 |   1057 |   3409 |   7 |  903.9 |
         Sewer |    188 |    188 |      0 |      0 |    115 |   1 |  188.0 |
       Ossuary |    334 |    334 |      0 |    125 |      0 |   1 |  334.0 |
               +--------+--------+--------+--------+--------+-----+--------+

Top non-repeatable levels by time:
     D:6: 1185 daAuts
     D:4: 1114 daAuts
     D:3: 1028 daAuts
     D:7: 949 daAuts
     D:2: 922 daAuts
     D:1: 890 daAuts
 Ossuary: 334 daAuts
     D:5: 237 daAuts
   Sewer: 188 daAuts
